 Dungeon Crawl Stone Soup version 0.24.0-37-gcf1ca852f1 (webtiles) character file.

Game seed: 11136276536320278007, levelgen mode: deterministic

257934 Iamsoldier the Severer (level 19, 0/178 HPs)
             Began as a Minotaur Berserker on Nov 28, 2019.
             Was the Champion of Trog.
             Killed by vampiric draining
             ... invoked by Jory
              (29 damage)
             ... on level 3 of the Vaults.
             The game lasted 02:05:12 (42422 turns).

Iamsoldier the Severer (Minotaur Berserker)        Turns: 42422, Time: 02:05:12

Health: 0/178      AC: 37    Str: 37      XL:     19   Next: 49%
Magic:  0/24       EV: 19    Int:  3 (6)  God:    Trog [******]
Gold:   1737       SH: 26    Dex: 20      Spells: 18/18 levels left

rFire    x . .     SeeInvis +   b - +7 broad axe (chop)
rCold    + . .     Gourm    .   N - +1 large shield of Focus {rCorr Str+3}
rNeg     . . .     Faith    .   Z - +15 Maxwell's patent armour {-Cast -Tele rElec MR+ rCorr}
rPois    .         Spirit   +   T - +3 crown of Dyrovepreva {rElec Int+2 SInv}
rElec    +         Reflect  .   G - scarf {cloud immunity}
rCorr    +         Harm     .   W - +0 pair of gloves of Cheibriados's Approval {Str+3 SInv}
MR       ++...     NoTele   +   (no boots) Stlth ..........NoCast +
                                y - amulet of guardian spirit
HPRegen  0.39/turn              U - +4 ring of strength
MPRegen  0.19/turn              Q - ring of Gick {Ice Dex+7}

@: lethally poisoned (0 -> -1), berserk cooldown, slowed, very slow
A: retaliatory headbutt, horns 2
}: 1/15 runes: decaying
a: Berserk, Trog's Hand, Brothers in Arms, Renounce Religion


You were on level 3 of the Vaults.
You worshipped Trog.
Trog was exalted by your worship.
You were very hungry.

You visited 5 branches of the dungeon, and saw 31 of its levels.
You also visited: Sewer, Ossuary, Gauntlet and Ice Cave.

You collected 4217 gold pieces.
You spent 2480 gold pieces at shops.

Inventory:

Hand Weapons
 a - the +10 hunting sling of Nightmares {speed, Str+6}
   (You found it on level 8 of the Dungeon)

   Attacks with this weapon are significantly faster.
   It affects your strength (+6).
 b - a +7 broad axe of chopping (weapon)
Missiles
 m - 595 sling bullets
Armour
 c - the +1 fire dragon scales "Xuestre" {rF++ rC- rN+}
   (You found it in an ice cave)

   It greatly protects you from fire.
   It makes you vulnerable to cold.
   It protects you from negative energy.
 G - a scarf of cloud immunity (worn)
 N - the +1 large shield of Focus (worn) {rCorr Str+3}
   (You took it off an orc warlord on level 2 of the Vaults)

   It affects your strength (+3).
   It provides partial protection from all sources of acid and corrosion.
 T - the +3 crown of Dyrovepreva (worn) {rElec Int+2 SInv}
   (You found it in a Gauntlet)

   It affects your intelligence (+2).
   It insulates you from electricity.
   It lets you see invisible.
 W - the +0 pair of gloves of Cheibriados's Approval (worn) {Str+3 SInv}
   (You found it on level 6 of the Lair of Beasts)

   It affects your strength (+3).
   It lets you see invisible.
 Z - the +15 Maxwell's patent armour (worn) {-Cast -Tele rElec MR+ rCorr}
   (You bought it in a shop on level 9 of the Dungeon)

   It insulates you from electricity.
   It affects your resistance to hostile enchantments.
   It prevents spellcasting.
   It prevents most forms of teleportation.
   It provides partial protection from all sources of acid and corrosion.
Jewellery
 h - an uncursed ring of positive energy
 y - an amulet of guardian spirit (around neck)
 D - an uncursed ring of protection from fire
 Q - the ring of Gick (right hand) {Ice Dex+7}
   (You found it in a Gauntlet)

   [ring of ice]

   It enhances your ice magic.
   It affects your dexterity (+7).
   It makes you vulnerable to fire.
   It protects you from cold.
 U - a +4 ring of strength (left hand)
Wands
 n - a wand of acid (10)
 p - a wand of flame (20)
 w - a wand of iceblast (3)
 B - a wand of paralysis (55)
 F - a wand of clouds (1)
 H - a wand of scattershot (9)
 M - a wand of polymorph (17)
 P - a wand of digging (5)
 S - a wand of enslavement (8)
 X - a wand of disintegration (14)
Scrolls
 k - 16 scrolls of teleportation
 l - 19 scrolls of remove curse
 s - a scroll of enchant weapon
 t - 3 scrolls of torment
 u - 9 scrolls of blinking
 x - 2 scrolls of fear
 A - 10 scrolls of magic mapping
 C - 4 scrolls of enchant armour
 E - 3 scrolls of summoning
 I - 4 scrolls of fog
 L - a scroll of silence
 O - a scroll of identify
Potions
 e - 15 potions of curing
 f - 5 potions of mutation
 g - 4 potions of cancellation
 i - 6 potions of flight
 j - 7 potions of lignification
 o - 2 potions of agility
 q - 2 potions of heal wounds
 r - 10 potions of might
 v - a potion of magic
 K - 3 potions of ambrosia
 R - a potion of invisibility
 Y - 6 potions of haste
Comestibles
 d - 48 rations
 z - 4 chunks of flesh


   Skills:
 + Level 17.7 Fighting
 - Level 18.2 Axes
 - Level 11.3 Slings
 + Level 17.4 Armour
 + Level 15.7 Dodging
 - Level 0.2 Stealth
 * Level 17.0 Shields
 - Level 8.0 Evocations


You had 18 spell levels left.
You didn't know any spells.
Your spell library was empty.

Dungeon Overview and Level Annotations

Branches:
Dungeon (15/15)            Temple (0/1) D:6            Lair (6/6) D:8
  Swamp (4/4) Lair:2       Spider (0/4) Lair:2        Slime (0/5) Lair:5
    Orc (2/2) D:12            Elf (0/3) Orc:2        Vaults (4/5) D:14
  Crypt (0/3) Vaults:3     Depths (0/5) D:15          Sewer (visited)
Ossuary (visited)           IceCv (visited)         Gauntlet (visited)

Altars:
Elyvilon
Fedhas
Kikubaaqudgha
Nemelex Xobeh
Okawaru
Qazlal
Trog
Vehumet
Wu Jian
Xom
Beogh

Shops:
D:9 [   D:12 *   Orc:2 (%*=?

Annotations:
D:3 2 transporters
Vaults:3 Jory


Innate Abilities, Weirdness & Mutations

You reflexively headbutt those who attack you in melee.
You have a pair of horns on your head.


Message History

* * * LOW HITPOINT WARNING * * *
Jory draws life force from you and is healed!
You chop Jory into pieces!!! Your headbutt misses Jory.
Jory is severely damaged.
You feel sick.
Jory hits you with a +2 great sword of electrocution!
* * * LOW HITPOINT WARNING * * *
You block Jory's attack.
You hit Jory.
Jory is severely damaged.
You block Jory's attack. x2
You hit Jory but do no damage. You headbutt Jory, but do no damage.
Jory is severely damaged.
You feel sick.
Jory is infused with unholy energy.
* * * LOW HITPOINT WARNING * * *
Jory draws life force from you and is healed!
You feel much better.
Jory is infused with unholy energy.
You die...

#.....................#.###
#######.....................#...#
......#.....................#....
......#.................######'#'
......#...######'####...#........
......#...#.......^.#...#........
......#...#.........#...#........
......'...#......)..#...#........
......#...#....)@...#...#........
......#...#....V....#...#.......[
#######...#.........#...#'#######
#...#########'#............
#....................).....
#..........................
#..........................
############'##############
###### #......#


You could see Jory.

Vanquished Creatures
  Mara (Vaults:4)
  Bai Suzhen (Vaults:3)
  the Lernaean hydra (Swamp:4)
  An Ice Fiend (IceCv)
  Rupert (Lair:4)
  The ghost of Flugslaktarn the Severer, an adept MiFi of Makhleb (Vaults:2)
  Frances (Swamp:2)
  An ancient champion (Vaults:3)
  A sphinx (Vaults:4)
  A thorn hunter (Swamp:4)
  A storm dragon (Vaults:4)
  3 deep elf sorcerers (Vaults:3)
  2 orc warlords (Vaults:2)
  7 vault wardens
  A war gargoyle (Vaults:2)
  4 stone giants
  The ghost of xfalz the Thaumaturge, a journeyman GnSk of Ashenzari (Swamp:2)
  6 very ugly things
  10 ironheart preservers
  A minotaur (Gauntlet)
  An ettin (Vaults:3)
  A death ooze (Gauntlet)
  A deep elf death mage (Vaults:3)
  5 yaktaur captains
  Fannar (D:10)
  2 fire dragons
  A great orb of eyes (Vaults:4)
  Harold (D:7)
  The ghost of lepoulpe303 the Unseen, a journeyman SpEn of Gozag (Lair:5)
  5 ogre magi
  8 vault guards
  2 rakshasas
  16 hydras
  2 ice dragons (Vaults:4)
  7 centaur warriors
  The ghost of Iplucs the Ripper, a journeyman FeBe of Trog (D:13)
  A shambling mangrove (Swamp:3)
  2 catoblepae
  3 ghost crabs
  Erica (D:11)
  25 two-headed ogres
  12 alligators
  A death knight (Vaults:2)
  6 death yaks (Lair:6)
  The ghost of Mesmaeker13 the Destroyer, a journeyman DrCj of Hepliaklqana (Lair:3)
  A vampire mage (Vaults:3)
  A tengu warrior (D:14)
  A dancing weapon (Lair:5)
  2 skeletal warriors (D:15)
  3 deep elf knights
  4 orc high priests
  A fire crab (shapeshifter) (Vaults:3)
  2 shadow wraiths
  A flayed ghost (Vaults:3)
  5 deep elf archers
  2 unseen horrors
  10 deep trolls
  3 glowing orange brains
  Pikel (D:9)
  2 wizards
  14 swamp dragons
  A sphinx zombie (D:15)
  A tengu zombie (D:15)
  11 ironbrand convokers
  A spriggan druid (Swamp:2)
  A phantasmal warrior (D:15)
  7 deep elf magi
  3 harpies (Vaults:2)
  3 necromancers
  13 orc knights
  A wolf spider zombie (D:14)
  6 orc sorcerers
  2 wolf spiders (Vaults:2)
  23 ugly things
  An oklob plant (Lair:1)
  8 cyclopes
  8 elephants
  Joseph (D:7)
  2 manticores
  3 black mambas
  An iron dragon skeleton (D:15)
  A torpor snail (Lair:4)
  6 vault sentinels
  Psyche (D:8)
  3 ice statues (IceCv)
  25 spiny frogs
  3 gargoyles
  A centaur skeleton (D:15)
  A rime drake (shapeshifter) (Vaults:1)
  2 rime drakes
  29 yaktaurs
  7 freezing wraiths
  3 anaconda simulacra (IceCv)
  9 komodo dragons
  A komodo dragon (shapeshifter) (Vaults:3)
  2 human skeletons
  4 kobold demonologists
  A harpy zombie (D:15)
  11 ice devils
  5 trolls
  3 polar bears
  17 hornets
  A queen bee (Lair:3)
  Grinder (D:5)
  10 tyrant leeches
  A sphinx simulacrum (Vaults:2)
  43 slime creatures
  16 bog bodies
  4 dream sheep (Lair:6)
  9 hippogriffs
  25 blink frogs
  An ettin zombie (D:15)
  2 wyverns (D:8)
  12 spriggans
  Sigmund (D:5)
  4 wraiths
  5 shadows
  A dire elephant simulacrum (IceCv)
  24 yaks
  7 humans (D:14)
  A hungry ghost (D:12)
  28 vampire mosquitoes
  5 basilisks
  A steam dragon (D:11)
  5 wargs
  A naga (shapeshifter) (D:15)
  A harpy simulacrum (IceCv)
  2 soldier ants
  16 insubstantial wisps
  12 swamp worms
  4 acid dragons
  Duvessa (D:6)
  4 hydra simulacra (IceCv)
  12 porcupines
  An ogre skeleton (Vaults:1)
  10 water moccasins
  28 orc warriors
  A black bear (shapeshifter) (Vaults:1)
  An ettin simulacrum (IceCv)
  4 sky beasts
  12 swamp drakes (Swamp:4)
  An eye of draining (D:15)
  4 black bears
  3 boggarts (Vaults:3)
  2 phantoms
  2 ice beasts
  A necrophage (D:15)
  20 ogres
  8 wolves
  20 centaurs
  13 crocodiles
  8 big kobolds
  24 bullfrogs
  Blork the orc (D:5)
  2 wyvern zombies
  A gnoll sergeant (D:9)
  5 scorpions
  Dowan (D:6)
  13 killer bees
  2 howler monkeys
  5 wights (D:7)
  2 electric eels (Lair:6)
  7 crimson imps
  4 centaur zombies
  A bullfrog zombie (D:6)
  3 human zombies
  A quasit (D:8)
  25 orc priests
  7 hounds
  3 jellies
  Crazy Yiuf (D:6)
  3 bullfrog skeletons
  5 iguanas
  37 orc wizards
  4 hell rats (Lair:3)
  15 worker ants
  4 mummies (Ossuary)
  3 gnolls (D:9)
  8 adders
  7 river rats
  2 shadow imps
  4 white imps (Gauntlet)
  4 oozes
  An adder skeleton (D:5)
  7 worms
  A dart slug (D:3)
  8 leopard geckos
  94 orcs
  5 bats
  13 giant cockroaches
  5 goblins
  2 hobgoblins (D:1)
  6 jackals
  7 quokkas
  5 ball pythons
  5 frilled lizards
  2 gnoll zombies (Ossuary)
  A goblin zombie (Ossuary)
  A hobgoblin zombie (Ossuary)
  A jackal skeleton (D:7)
  3 jackal zombies
  26 kobolds
  A kobold zombie (Ossuary)
  A leopard gecko zombie (D:5)
  An orc zombie (Ossuary)
  A quokka skeleton (D:6)
  18 rats
  2 rat zombies (Ossuary)
  3 fungi
  8 plants
  A toadstool (D:14)
1270 creatures vanquished.

Vanquished Creatures (collateral kills)
  A centaur skeleton (D:13)
1 creature vanquished.

Vanquished Creatures (others)
  A vault guard (D:14)
  A hydra (Swamp:3)
  A spiny frog (Swamp:4)
  A wraith (Vaults:2)
  A human (D:14)
  A black bear (D:9)
  A human zombie (Vaults:2)
  A worker ant (D:9)
  11 fungi
  35 plants
  2 toadstools (D:14)
  7 withered plants
63 creatures vanquished.

Grand Total: 1334 creatures vanquished

Notes
Turn   | Place    | Note
-------+----------+-------------------------------------------
     0 | D:1      | Iamsoldier the Minotaur Berserker began the quest for the
                  | Orb.
     0 | D:1      | Reached XP level 1. HP: 19/19 MP: 0/0
    71 | D:1      | Reached skill level 4 in Axes
   319 | D:1      | Reached XP level 2. HP: 25/27 MP: 1/1
  1071 | D:2      | Found a bloodstained altar of Trog.
  1263 | D:2      | Reached XP level 3. HP: 33/33 MP: 2/2
  2103 | D:3      | Found a transporter.
  2123 | D:3      | Reached ** piety under Trog
  2140 | D:3      | Reached XP level 4. HP: 41/41 MP: 3/3
  2177 | D:3      | Found an ancient bone altar of Kikubaaqudgha.
  2208 | D:3      | Reached skill level 5 in Axes
  2232 | D:3      | Found a transporter.
  2233 | D:3      | Noticed an orc warrior
  2233 | D:3      | Noticed an ice beast
  2235 | D:3      | Found an ornate altar of the Wu Jian Council.
  2410 | D:3      | Found a glowing drain.
  2414 | Sewer    | Entered a sewer
  2687 | Sewer    | Reached XP level 5. HP: 22/47 MP: 4/4
  2954 | Sewer    | Reached skill level 5 in Fighting
  3143 | Sewer    | Reached skill level 6 in Axes
  3199 | Sewer    | Reached XP level 6. HP: 35/56 MP: 5/5
  3944 | Sewer    | Reached *** piety under Trog
  4602 | D:3      | Reached skill level 7 in Axes
  5247 | D:4      | Reached XP level 7. HP: 60/62 MP: 6/6
  5251 | D:4      | Received a gift from Trog
  6182 | D:5      | Entered Level 5 of the Dungeon
  6207 | D:5      | Found a sand-covered staircase.
  6217 | D:5      | Reached skill level 5 in Armour
  6224 | Ossuary  | Entered an ossuary
  6256 | Ossuary  | Reached skill level 8 in Axes
  6718 | D:5      | Noticed Sigmund
  6752 | D:5      | Killed Sigmund
  6752 | D:5      | Reached XP level 8. HP: 25/71 MP: 3/7
  7155 | D:5      | Noticed Grinder
  7167 | D:5      | Killed Grinder
  7167 | D:5      | Reached skill level 9 in Axes
  7235 | D:5      | Noticed Blork the orc
  7249 | D:5      | Killed Blork the orc
  7672 | D:5      | Reached **** piety under Trog
  8029 | D:6      | Noticed Dowan
  8031 | D:6      | Noticed Duvessa
  8042 | D:6      | Killed Dowan
  8051 | D:6      | Killed Duvessa
  8051 | D:6      | Reached skill level 5 in Dodging
  8051 | D:6      | Reached skill level 1 in Evocations
  8279 | D:6      | Reached XP level 9. HP: 68/79 MP: 7/9
  8400 | D:6      | Found a staircase to the Ecumenical Temple.
  8456 | D:6      | Reached skill level 10 in Axes
  8604 | D:6      | Found a runed translucent door.
  8605 | D:6      | Noticed Crazy Yiuf
  8610 | D:6      | Killed Crazy Yiuf
  9780 | D:7      | Found a white marble altar of Elyvilon.
  9788 | D:7      | Noticed Joseph
  9791 | D:7      | Paralysed by Joseph for 6 turns
  9804 | D:7      | Killed Joseph
  9938 | D:7      | Noticed Harold
  9953 | D:7      | Killed Harold
  9953 | D:7      | Reached skill level 11 in Axes
 10151 | D:7      | Reached XP level 10. HP: 90/90 MP: 11/11
 10334 | D:7      | Found a stormy altar of Qazlal.
 10704 | D:8      | Noticed Psyche
 10713 | D:8      | Killed Psyche
 10727 | D:8      | Reached skill level 12 in Axes
 10957 | D:8      | Found a roughly hewn altar of Beogh.
 10957 | D:8      | Found a transporter.
 10997 | D:8      | Found a transporter.
 11046 | D:8      | Reached ***** piety under Trog
 11365 | D:8      | Identified the +10 hunting sling of Nightmares {speed,
                  | Str+6} (You found it on level 8 of the Dungeon)
 11740 | D:8      | Reached skill level 1 in Slings
 11759 | D:8      | Found a staircase to the Lair.
 11760 | D:8      | Reached XP level 11. HP: 59/99 MP: 3/13
 12171 | D:9      | Received a gift from Trog
 12189 | D:9      | Noticed Pikel
 12194 | D:9      | Killed Pikel
 12388 | D:9      | Found a blossoming altar of Fedhas.
 12511 | D:9      | Found Rima's Armour Shoppe.
 12804 | D:9      | Found a radiant altar of Vehumet.
 12966 | D:9      | Found an iron altar of Okawaru.
 13254 | D:10     | Entered Level 10 of the Dungeon
 13254 | D:10     | Noticed Fannar
 13280 | D:10     | Killed Fannar
 13280 | D:10     | Reached skill level 10 in Fighting
 13280 | D:10     | Reached skill level 13 in Axes
 13650 | D:10     | Paralysed by a hornet for 3 turns
 13891 | D:10     | Reached skill level 5 in Slings
 13972 | D:10     | Killed an unseen horror
 14493 | D:10     | Identified the +1 scale mail "Vosat" {Dex+6} (You found it
                  | on level 10 of the Dungeon)
 14676 | D:11     | Found a bloodstained altar of Trog.
 15248 | D:11     | Noticed a two-headed ogre
 15260 | D:11     | Killed a two-headed ogre
 15323 | D:11     | Noticed Erica
 15329 | D:11     | Killed Erica
 15329 | D:11     | Reached skill level 10 in Armour
 15938 | D:11     | Reached skill level 14 in Axes
 16313 | D:12     | Reached XP level 12. HP: 97/108 MP: 12/14
 16328 | D:12     | Identified the +2 hand axe "Ingec" {flame, *Noise rC+ MR+
                  | Dex+8}
 16570 | D:12     | Found Ydekygg's Assorted Antiques.
 16640 | D:12     | Found a gate leading to a gauntlet.
 16649 | Gauntlet | Entered a Gauntlet
 16649 | Gauntlet | Found a transporter.
 16649 | Gauntlet | Found a transporter.
 16649 | Gauntlet | Found a transporter.
 16649 | Gauntlet | Noticed a death ooze
 16650 | Gauntlet | Found a transporter.
 16654 | Gauntlet | Found a transporter.
 16654 | Gauntlet | Found a transporter.
 16658 | Gauntlet | Found a runed translucent door.
 16658 | Gauntlet | Found a runed translucent door.
 16660 | Gauntlet | Found a transporter.
 16660 | Gauntlet | Noticed a death scarab
 16695 | Gauntlet | Found a transporter.
 16698 | Gauntlet | Found a transporter.
 16709 | Gauntlet | Found a transporter.
 16709 | Gauntlet | Noticed an entropy weaver
 16724 | Gauntlet | Found a transporter.
 16724 | Gauntlet | Noticed a ghost crab
 16745 | Gauntlet | Found a transporter.
 16783 | Gauntlet | Killed a death ooze
 16975 | Gauntlet | Killed a ghost crab
 17061 | Gauntlet | Noticed a minotaur
 17077 | Gauntlet | Killed a minotaur
 17085 | Gauntlet | Identified the Papyrus of Talismans and Earth
 17086 | Gauntlet | Found the +3 crown of Dyrovepreva {rElec Int+2 SInv}
 17086 | Gauntlet | Got a scorched wooden ring
 17432 | D:12     | Received a gift from Trog
 17661 | D:12     | Received a gift from Trog
 17720 | D:12     | Found a staircase to the Orcish Mines.
 18057 | D:13     | Received a gift from Trog
 18365 | D:13     | Noticed a rakshasa
 18374 | D:13     | Killed a rakshasa
 18374 | D:13     | Reached skill level 15 in Axes
 18552 | D:13     | Identified the ring of Gick {Ice Dex+7} (You found it in a
                  | Gauntlet)
 18627 | D:13     | Found a runed translucent gate.
 18627 | D:13     | Found a runed translucent gate.
 18627 | D:13     | Found a runed translucent gate.
 18627 | D:13     | Noticed Iplucs's ghost (journeyman FeBe)
 18915 | D:14     | Noticed a two-headed ogre
 18920 | D:14     | Killed a two-headed ogre
 18934 | D:14     | Noticed a tengu warrior
 18943 | D:14     | Killed a tengu warrior
 19135 | D:14     | Killed a vault guard
 19263 | D:14     | Noticed a catoblepas
 19273 | D:14     | Killed a catoblepas
 19273 | D:14     | Reached XP level 13. HP: 117/117 MP: 12/15
 19709 | D:14     | Found a gate to the Vaults.
 20076 | D:15     | Entered Level 15 of the Dungeon
 20128 | D:15     | Reached skill level 16 in Axes
 20149 | D:15     | HP: 2/118 [centaur warrior/arrow (4)]
 20435 | D:15     | Reached skill level 10 in Dodging
 20765 | Lair:1   | Entered Level 1 of the Lair of Beasts
 21035 | Lair:1   | Received a gift from Trog
 22144 | Lair:2   | Found a hole to the Spider Nest.
 22148 | Lair:2   | Received a gift from Trog
 22741 | Lair:2   | Found a staircase to the Swamp.
 23031 | Lair:3   | Found a transporter.
 23032 | Lair:3   | Found a transporter.
 23033 | Lair:3   | Noticed Mesmaeker13's ghost (journeyman DrCj)
 23365 | Lair:3   | Received a gift from Trog
 23365 | Lair:3   | Reached skill level 10 in Slings
 23430 | Lair:3   | Reached XP level 14. HP: 117/127 MP: 14/16
 23545 | Lair:3   | Received a gift from Trog
 24735 | Lair:4   | Reached skill level 17 in Axes
 24735 | Lair:4   | Noticed Rupert
 24735 | Lair:4   | Reached ****** piety under Trog
 24750 | Lair:4   | Killed Rupert
 25513 | Lair:5   | Received a gift from Trog
 25832 | Lair:5   | Found a runed translucent door.
 25833 | Lair:5   | Found a shimmering altar of Xom.
 25833 | Lair:5   | Noticed lepoulpe303's ghost (journeyman SpEn)
 25833 | Lair:5   | Identified the cursed +0 scythe "Bithiett" {chaos, rPois}
 26264 | Lair:5   | Found a staircase to the Slime Pits.
 26448 | Lair:5   | You fall into a shaft and drop 1 floor!
 26448 | Lair:6   | Entered Level 6 of the Lair of Beasts
 26459 | Lair:6   | Received a gift from Trog
 26514 | Lair:6   | Received a gift from Trog
 27250 | Lair:6   | Identified the +0 pair of gloves of Cheibriados's Approval
                  | {Str+3 SInv} (You found it on level 6 of the Lair of
                  | Beasts)
 27514 | Lair:6   | Reached skill level 18 in Axes
 27658 | Lair:6   | Reached XP level 15. HP: 136/136 MP: 17/17
 27872 | D:9      | Bought the +15 Maxwell's patent armour {-Cast -Tele rElec
                  | MR+ rCorr} for 1611 gold pieces
 27872 | D:9      | Found the +15 Maxwell's patent armour {-Cast -Tele rElec
                  | MR+ rCorr}
 28064 | Lair:5   | Killed lepoulpe303's ghost
 28452 | Lair:3   | Received a gift from Trog
 28466 | Lair:3   | Killed Mesmaeker13's ghost
 28722 | D:13     | Killed Iplucs's ghost
 28995 | Orc:1    | Entered Level 1 of the Orcish Mines
 29044 | Orc:1    | Received a gift from Trog
 29082 | Orc:1    | Paralysed by an orc sorcerer for 4 turns
 29378 | Orc:1    | Reached skill level 1 in Shields
 29712 | Orc:2    | Entered Level 2 of the Orcish Mines
 29894 | Orc:2    | Found a staircase to the Elven Halls.
 29924 | Orc:2    | Found Motsaul's Weapon Shoppe.
 29933 | Orc:2    | Received a gift from Trog
 29950 | Orc:2    | Received a gift from Trog
 30006 | Orc:2    | Received a gift from Trog
 30423 | Orc:2    | Received a gift from Trog
 30582 | Orc:2    | Found Tuciocom's Assorted Antiques.
 30582 | Orc:2    | Found Naitreve's Magic Scroll Emporium.
 30586 | Orc:2    | Found Bant's Food Shoppe.
 30586 | Orc:2    | Found Gausu's Jewellery Emporium.
 30596 | Orc:2    | Bought a scroll of enchant weapon for 105 gold pieces
 30596 | Orc:2    | Bought a scroll of identify for 28 gold pieces
 30597 | Orc:2    | Bought a +4 ring of strength for 378 gold pieces
 30598 | Orc:2    | Bought a scroll of identify for 28 gold pieces
 30599 | Orc:2    | Bought a potion of heal wounds for 165 gold pieces
 30599 | Orc:2    | Bought a potion of heal wounds for 165 gold pieces
 30732 | Orc:2    | Found a roughly hewn altar of Beogh.
 31030 | D:15     | Found a staircase to the Depths.
 31061 | D:15     | Reached skill level 5 in Shields
 31289 | D:15     | Found a sparkling altar of Nemelex Xobeh.
 31446 | D:15     | Received a gift from Trog
 31901 | Swamp:1  | Entered Level 1 of the Swamp
 32241 | Swamp:1  | Reached XP level 16. HP: 98/147 MP: 14/18
 32953 | Swamp:2  | Noticed Frances
 32961 | Swamp:2  | Killed Frances
 33193 | Swamp:2  | Found a runed translucent door.
 33195 | Swamp:2  | Noticed xfalz's ghost (journeyman GnSk)
 33207 | Swamp:2  | Identified the +3 trident "Eqorph" {drain, rF++ SInv}
 33226 | Swamp:2  | Killed xfalz's ghost
 33226 | Swamp:2  | Received a gift from Trog
 33235 | Swamp:2  | Identified A Beginning Course on Thaumaturgy
 33608 | Swamp:3  | Reached skill level 15 in Fighting
 33758 | Swamp:3  | Found a frozen archway.
 33765 | Swamp:3  | Reached skill level 10 in Shields
 33769 | Swamp:3  | Reached skill level 5 in Evocations
 33783 | IceCv    | Entered an ice cave
 33983 | IceCv    | Noticed an Ice Fiend
 33984 | IceCv    | Found the +8 lance "Wyrmbane" {slay drac, rPois rF+ rC+
                  | AC+3}
 34000 | IceCv    | Killed an Ice Fiend
 34273 | IceCv    | Identified the +1 fire dragon scales "Xuestre" {rF++ rC-
                  | rN+} (You found it in an ice cave)
 34491 | Swamp:3  | Reached skill level 15 in Armour
 34499 | Swamp:3  | Received a gift from Trog
 35283 | Swamp:4  | Entered Level 4 of the Swamp
 35326 | Swamp:4  | Received a gift from Trog
 36030 | Swamp:4  | Reached XP level 17. HP: 148/156 MP: 18/20
 36092 | Swamp:4  | Noticed the 27-headed Lernaean hydra
 36105 | Swamp:4  | Killed the 26-headed Lernaean hydra
 36605 | Swamp:4  | Got a decaying rune of Zot
 37236 | Vaults:1 | Entered Level 1 of the Vaults
 37488 | Vaults:1 | Received a gift from Trog
 38087 | Vaults:1 | Received a gift from Trog
 39398 | Vaults:2 | Reached XP level 18. HP: 166/166 MP: 22/22
 39408 | Vaults:2 | Received a gift from Trog
 39617 | Vaults:2 | Received a gift from Trog
 39902 | Vaults:2 | Received a gift from Trog
 40155 | Vaults:2 | Found a runed translucent gate.
 40155 | Vaults:2 | Found a runed translucent gate.
 40155 | Vaults:2 | Identified the +1 large shield of Focus {rCorr Str+3}
 40156 | Vaults:2 | Found a runed translucent gate.
 40157 | Vaults:2 | Noticed Flugslaktarn's ghost (adept MiFi)
 40555 | Vaults:2 | Found a roughly hewn altar of Beogh.
 40582 | Vaults:2 | Killed Flugslaktarn's ghost
 40813 | Vaults:3 | Reached skill level 15 in Shields
 40858 | Vaults:3 | Received a gift from Trog
 40878 | Vaults:3 | Identified the +8 mace of Trog's Castigation {crush, rElec}
                  | (Trog gifted it to you on level 3 of the Vaults)
 40950 | Vaults:3 | Reached skill level 15 in Dodging
 41406 | Vaults:3 | Reached XP level 19. HP: 142/177 MP: 19/24
 41601 | Vaults:3 | Found a staircase to the Crypt.
 41710 | Vaults:3 | Noticed Bai Suzhen
 41716 | Vaults:3 | Received a gift from Trog
 41736 | Vaults:3 | Killed Bai Suzhen
 42276 | Vaults:4 | Noticed Mara
 42279 | Vaults:4 | Noticed Iamsoldier's illusion
 42315 | Vaults:4 | Noticed Iamsoldier's illusion
 42346 | Vaults:4 | Received a gift from Trog
 42363 | Vaults:4 | Noticed Iamsoldier's illusion
 42364 | Vaults:4 | Killed Mara
 42395 | Vaults:4 | Noticed Jory
 42421 | Vaults:3 | HP: 3/178 [Jory/vampiric draining (16)]
 42422 | Vaults:3 | Killed from afar by Jory

Levels and vault maps discovered:
D:1:      psy_arrival_fountain, layout_rooms, kennysheep_boxes
D:2:      layout_loops_corners, lemuel_crystal_altar
D:3:      layout_basic, gammafunk_temple_overflow_arena,
          kiku_gazebo_garden_becter, gup_sewer_entry_spiral,
          corexii_item_surrounded_by_moat, minivault_5
D:4:      layout_basic, first_ration
D:5:      layout_gridville, nicolae_ossuary_entry_ruins,
          minmay_misc_feat_hallway, uniq_grinder, uniq_sigmund,
          uniq_blork_the_orc
D:6:      layout_basic, minmay_temple_entry_hall, kennysheep_generic_room_3,
          uniq_duvessa, uniq_crazy_yiuf_cottage
D:7:      layout_loops_ring, nicolae_qazlal_style_of_elements, elyvilon_altar_4,
          grunt_ministairs_13, small_statue_alley_b, grunt_ogre_cave,
          uniq_joseph, uniq_harold
D:8:      gammafunk_beogh_shrine, layout_gridville, minmay_lair_entry_grove,
          uniq_psyche
D:9:      layout_basic, lemuel_doored_altar, okawaru_ov_weapons_minmay,
          lemuel_coloured_pillars_altar, serial_shops,
          nicolae_shop_temple_entry_statues_fountains, uniq_pikel
D:10:     layout_rooms, uniq_fannar
D:11:     layout_basic, trog_ov_bears_minmay, uniq_erica
D:12:     layout_loops_ring, orc_0_dummy, gauntlet_entry_generic, serial_shops,
          shop, feat_on_display
D:13:     layout_cave_pools, serial_column_ruins, column_ruins_hut,
          column_ruins_courtyard_long, column_ruins_open_small,
          column_ruins_open_tiny, column_ruins_open_medium, column_ruins_grid_2,
          column_ruins_open_medium, column_ruins_grid_2,
          column_ruins_open_small, gammafunk_ghost_spectres
D:14:     layout_long_grid, ximxim_vaults_locker_room, roderic_roman_lattice,
          minmay_gold_behind_fungi
D:15:     gammafunk_depths_entry_grave, layout_basic,
          nemelex_xobeh_ov_fountains_minmay
Lair:1:   layout_regular_city, minivault_25, grunt_megastairs_5
Lair:2:   layout_cave_pods, swamp_mist, nicolae_spider_entry_non_spiders,
          chequers_serial_rivers_small_a, minmay_holes, st_stairs_6
Lair:3:   layout_cave_pods, gammafunk_ghost_hive, minivault_27,
          small_statue_intersection, kennysheep_abandoned_house
Lair:4:   layout_loops_ring, uniq_rupert
Lair:5:   wad_woods_tower, layout_small_grid, dpeg_slime_entry_corner,
          ebering_ghost_xom, beast_lair_carwin_5
Lair:6:   minmay_lair_end_frog_pond, layout_regular_city, grunt_megastairs_2
Swamp:1:  layout_basic_swamp, evilmike_swamp_ruin_house_3,
          hangedman_swamp_blocks
Swamp:2:  layout_falls_marsh, ebering_ghost_funeral_grove,
          evilmike_swamp_ruin_house_5, swamp_pool2, uniq_frances
Swamp:3:  layout_falls_marsh, portal_ice_cave_entry_frozen_things,
          evilmike_swamp_ruin_wall
Swamp:4:  grunt_swamp_rune_castle, layout_basic_swamp, swamp_pool2,
          infiniplex_staircase_pool_2
Orc:1:    layout_diamond_mine
Orc:2:    st_orc_mages, layout_diamond_mine, serial_shops, shop,
          david_defended_altar_orc
Vaults:1: grunt_vaults_hallway_long, ontoclasm_vaults_chip, v_misc_10,
          nicolae_vaults_network_barrier, v_rooms_4,
          nicolae_vaults_hallways_thing, hangedman_vaults_snaps,
          grunt_vaults_diagonal, vaults_room_corners,
          ontoclasm_vaults_decontamination, layout_vaults_omnicross
Vaults:2: biasface_vaults_ghost_orc_armoury, v_misc_11, vaults_room_door_hall,
          vaults_room_fours, nicolae_vaults_network_periphery, v_misc_3,
          v_misc_8, st_cells, v_misc_28, ontoclasm_vaults_loading_screen,
          layout_vaults_omnigrid
Vaults:3: minmay_crypt_entry_simple_round, nicolae_vaults_c_with_doors,
          v_misc_13, ontoclasm_vaults_gateway, vaults_room_semicircle,
          nicolae_vaults_little_squares_3, layout_vaults_big_room,
          uniq_bai_suzhen
Vaults:4: nicolae_vaults_twisting_passages, v_misc_4, grunt_vaults_trifunnel,
          ontoclasm_vaults_water_temple, vaults_room_ringed_pool,
          grunt_vaults_swirl, v_rooms_4, vaults_dpeg_encased_lava,
          layout_vaults_ring, uniq_jory, uniq_mara, uniq_boris

Skill      XL: |  1  2  3  4  5  6  7  8  9 10 11 12 13 14 15 16 17 18 19 |
---------------+----------------------------------------------------------+-----
Axes           | 4 5 6 7 8 9 11 12 14 15 16 18 | 18.2
Fighting       | 4 5 6 7 8 9 10 11 12 13 14 15 16 17 | 17.7
Armour         | 3 4 5 6 7 8 10 11 12 13 14 15 16 17 | 17.4
Dodging        | 4 5 6 7 9 10 11 12 13 14 15 | 15.7
Evocations     | 1 3 4 5 7 8 |  8.0
Slings         | 2 6 8 10 11 | 11.3
Shields        | 8 11 13 16 17 | 17.0
Stealth        | |  0.2

Action                   |  1- 3 |  4- 6 |  7- 9 | 10-12 | 13-15 | 16-18 | 19-21 || total
-------------------------+-------+-------+-------+-------+-------+-------+-------++-------
Melee: Hand axe          |    71 |   157 |       |       |       |       |       ||   228
       Headbutt          |    11 |    33 |    88 |    97 |   293 |   377 |    80 ||   979
       Dagger            |       |    37 |   355 |       |       |       |       ||   392
       Battleaxe         |       |       |     2 |   417 |   674 |    90 |       ||  1183
       Broad axe         |       |       |       |       |   280 |   969 |   200 ||  1449
 Fire: Hunting sling     |       |       |       |    61 |    44 |    33 |       ||   138
Invok: Berserk           |     1 |     3 |    13 |    16 |    15 |     8 |     2 ||    58
       Trog's Hand       |       |       |       |       |     1 |       |       ||     1
Evoke: Wand              |       |       |       |       |     1 |    11 |     1 ||    13
  Use: Potion            |     1 |     1 |     1 |     2 |     4 |     1 |     5 ||    15
       Scroll            |       |       |    13 |    16 |    14 |    15 |     1 ||    59
 Stab: Petrified         |       |       |       |       |     2 |       |       ||     2
       Distracted        |       |       |       |       |       |     1 |       ||     1
  Eat: Chunk             |     5 |     9 |    21 |    30 |    48 |    23 |     5 ||   141
       Ration            |       |     1 |     2 |     4 |     3 |     4 |       ||    14
Armor: Animal skin       |     2 |       |       |       |       |       |       ||     2
       Leather armour    |    22 |    25 |       |       |       |       |       ||    47
       Ring mail         |       |     9 |     1 |       |       |       |       ||    10
       Chain mail        |       |       |   187 |    88 |       |       |       ||   275
       Plate armour      |       |       |       |    79 |   163 |   402 |    80 ||   724
       Scale mail        |       |       |       |    70 |   130 |       |       ||   200
Dodge: Dodged            |    58 |   100 |   190 |   304 |   629 |   444 |    90 ||  1815
       Deflected         |       |       |       |       |     2 |       |       ||     2
Block: Large shield      |       |       |       |       |   166 |   943 |   225 ||  1334
